 Dungeon Crawl Stone Soup version 0.30-a0-297-g0ec75d9ef4 (webtiles) character file.

Game seed: 8672177652218145586

56 funkygono the Firebug (level 3, 0/19 HPs)
             Began as a Gargoyle Fire Elementalist on Oct 19, 2022.
             Slain by a ball python (3 damage)
             ... on level 2 of the Dungeon.
             The game lasted 00:02:06 (1384 turns).

funkygono the Firebug (Gargoyle Fire Elementalist)  Turns: 1384, Time: 00:02:06

Health: 0/19       AC:  6    Str: 11    XL:     3   Next: 97%
Magic:  8/15       EV: 12    Int: 17    God:
Gold:   76         SH:  0    Dex: 10    Spells: 4/7 levels left

rFire   . . .      SeeInvis .    e - +0 mace (protect)
rCold   . . .      Faith    .    (no shield)
rNeg    + . .      Spirit   .    a - +0 robe
rPois   ∞          Reflect  .    (no helmet)
rElec   +          Harm     .    (no cloak)
rCorr   .          Rampage  .    (no gloves)
Will    .....                    d - +0 pair of boots
Stlth   ++........               (no amulet)
HPRegen 0.23/turn                i - ring of magical power
MPRegen 0.14/turn                (no ring)

@: no status effects
A: sickness immunity, AC +3, negative energy resistance 1, electricity
resistance, torment resistance 1, petrification resistance
a: no special abilities


You were on level 2 of the Dungeon.
You visited 1 branch of the dungeon, and saw 2 of its levels.

You collected 76 gold pieces.

Inventory:

Hand Weapons
 e - a +0 mace of protection (weapon)
 g - a +0 whip of electrocution
Armour
 a - a +0 robe (worn)
 d - a +0 pair of boots (worn)
Jewellery
 i - a ring of magical power (left hand)
Scrolls
 f - a scroll of torment
 h - a scroll of enchant armour {unknown}
Potions
 b - a potion of magic
 c - 2 potions of mutation {unknown}


   Skills:
 + Level 1.7 Dodging
 + Level 2.4 Stealth
 + Level 2.6 Spellcasting
 + Level 1.7 Conjurations
 + Level 3.8 Fire Magic


You had 4 spell levels left.
You knew the following spells:

 Your Spells              Type           Power      Damage    Failure   Level
a - Foxfire               Conj/Fire      44%        2x1d6     6%          1
b - Scorch                Fire           30%        2d7       5%          2

Your spell library contained the following spells:

 Spells                   Type           Power      Damage    Failure   Level
 Inner Flame              Hex/Fire       8%         N/A       24%         3
 Kindle Blastsparks       Fire/Tloc/Air  12%        2d11      32%         3
 Flame Wave               Conj/Fire      11%        2d6       50%         4


Dungeon Overview and Level Annotations

Branches:
Dungeon (2/15)

Altars:

Annotations:
D:2 Natasha


Innate Abilities, Weirdness & Mutations

You are immune to sickness and miasma.
Your stone body is resilient. (AC +3)
You are immune to poison.
You resist negative energy. (rN+)
You are resistant to electric shocks. (rElec)
You are resistant to unholy torment.
You are immune to petrification.


Message History

The foxfire hits the orc but does no damage.
The orc is almost dead.
The ball python bites you but does no damage.
The ball python constricts you. The orc closely misses you.
You hear some strange, mumbled words.
A puff of flame appears from out of thin air!
The puff of flame hits you!
Casting: Foxfire (safe; 6% risk of failure)
Confirm with . or Enter, or press ? or * to list all spells.
You conjure some foxfire!
The foxfire hits something but does no damage.
The foxfire hits the orc but does no damage.
The orc is almost dead.
The foxfire hits the orc.
You kill the orc!
The ball python bites you. The ball python constricts you.
Something hits you but does no damage. The ball python bites you.
* * * LOW HITPOINT WARNING * * *
The ball python constricts you.
Casting: Foxfire (safe; 6% risk of failure)
Confirm with . or Enter, or press ? or * to list all spells.
You conjure some foxfire!
The foxfire hits Natasha.
Natasha is moderately wounded.
Something hits you.
* * * LOW HITPOINT WARNING * * *
Natasha zaps a wand.
The bolt of light misses you. The bolt of light hits your foxfire!
Your foxfire is blinded.
The ball python bites you but does no damage.
The ball python constricts you.
You escape the ball python's grasp.
Something barely misses you.
The foxfire hits Natasha.
Natasha is heavily wounded.
The foxfire hits something.
Natasha barely misses you.
Natasha casts a spell.
There is a stone staircase leading up here.
The ball python bites you but does no damage.
The ball python barely misses you. The ball python bites you.
You die...

#.#.#### ##.## #.#.#
##...## #.#.#
##..)..#### #. ##.#.#
#.5........ #.
##....# ##o....####
###.##.....## #.5..##
....#.......####h#.##
#...........##S#.#
##............@#.#
#........##.####..
#.......###.# ##
#.#.##.## #.# #
#.#### #.# # #†# #.#
#§#.# #.#
#.#.######...
#...........#


You could see Natasha, a crimson imp (summoned), a shadow imp (summoned), an orc
and a ball python.

Vanquished Creatures
  Natasha (D:2)
  An adder (D:2)
  An orc (D:2)
  An endoplasm (D:2)
  3 giant cockroaches
  A goblin (D:1)
  3 hobgoblins
  3 quokkas
  3 bats (D:1)
  A kobold (D:2)
  3 rats (D:1)
21 creatures vanquished.

Vanquished Creatures (others)
  65 foxfires
65 creatures vanquished.

Grand Total: 86 creatures vanquished

Notes
Turn   | Place    | Note
-------+----------+-------------------------------------------
     0 | D:1      | funkygono the Gargoyle Fire Elementalist began the quest
                  | for the Orb.
     0 | D:1      | Reached XP level 1. HP: 10/10 MP: 3/3
   245 | D:1      | Reached XP level 2. HP: 15/15 MP: 0/5
   248 | D:1      | Learned a level 2 spell: Scorch
  1091 | D:2      | Noticed Natasha
  1094 | D:2      | Killed Natasha
  1095 | D:2      | Reached XP level 3. HP: 19/19 MP: 1/6
  1357 | D:2      | Noticed Natasha
  1384 | D:2      | Slain by a ball python

Illustrated notes

Levels and vault maps discovered:
D:1:      noname_arrival_rooms_in_the_neighbourhood, layout_basic
D:2:      layout_loops_ring, minmay_hexomino_u4, uniq_natasha

Action                   || total
-------------------------++-------
Melee: Club              ||     4
       Mace              ||    17
       Punch             ||     1
 Cast: Foxfire           ||    35
       Scorch            ||     4
  Use: Scroll            ||     3
Armor: Robe              ||    20
Dodge: Dodged            ||    30

Table legend: (Time is in decaauts)
 A = Elapsed time spent in this place.
 B = Non-inter-level travel time spent in this place.
 C = Inter-level travel time spent in this place.
 D = Time resting spent in this place.
 E = Time spent auto-exploring this place.
 F = Levels seen in this place.
 G = Mean time per level.
                   A        B        C        D        E       F      G
               +--------+--------+--------+--------+--------+-----+--------+
         Total |   1391 |   1364 |     27 |      6 |   1122 |   2 |  695.5 |
       Dungeon |   1391 |   1364 |     27 |      6 |   1122 |   2 |  695.5 |
               +--------+--------+--------+--------+--------+-----+--------+

Top non-repeatable levels by time:
     D:1: 1096 daAuts
     D:2: 294 daAuts
